 Dungeon Crawl Stone Soup version 0.28.0-49-g6dfe1f597d (webtiles) character file.

Game seed: 6377306677511628096

12 Exodus22XD the Covered (level 2, 24/27 HPs)
             Began as a Deep Dwarf Fighter on May 14, 2022.
             Was a Follower of the Shining One.
             Quit the game on level 1 of the Dungeon.
             The game lasted 00:00:26 (326 turns).

Exodus22XD the Covered (Deep Dwarf Fighter)          Turns: 326, Time: 00:00:26

Health: 24/27      AC:  6    Str: 19    XL:     2   Next: 20%
Magic:  2/2        EV:  9    Int:  8    God:    the Shining One [*.....]
Gold:   22         SH:  4    Dex: 12    Spells: 1/1 levels left

rFire   . . .      SeeInvis .   a - +0 war axe
rCold   . . .      Faith    .   c - +0 buckler
rNeg    . . .      Spirit   .   b - +0 scale mail
rPois   .          Reflect  .   (no helmet)
rElec   .          Harm     .   (no cloak)
rCorr   .          Rampage  .   (no gloves)
Will    .....                   (no boots)
Stlth   ..........              (no amulet)
HPRegen 0.00/turn               (no ring)
MPRegen 0.08/turn               (no ring)

@: glowing
A: damage resistance, heal wounds, sense surroundings 1, no regeneration
a: Heal Wounds, Renounce Religion, Divine Shield


You were on level 1 of the Dungeon.
You worshipped the Shining One.
The Shining One was aware of your devotion.
You visited 1 branch of the dungeon, and saw 1 of its levels.

You collected 22 gold pieces.

Inventory:

Hand Weapons
 a - a +0 war axe (weapon)
Armour
 b - a +0 scale mail (worn)
 c - a +0 buckler (worn)
Scrolls
 e - a scroll of magic mapping {unknown}
 f - a scroll of identify {unknown}
 g - a scroll of enchant armour {unknown}
Potions
 d - a potion of might


   Skills:
 + Level 2.9 Fighting
 + Level 2.4 Axes
 + Level 3.5 Armour
 + Level 3.4 Shields


You had one spell level left.
You didn't know any spells.
Your spell library was empty.

Dungeon Overview and Level Annotations

Branches:
Dungeon (1/15)

Altars:
The Shining One


Innate Abilities, Weirdness & Mutations

You are resistant to damage.
You can heal yourself by infusing magical energy.
You passively map a small area around you.
You do not regenerate.


Message History

Things that are here:
a jackal corpse; a jackal corpse No target in view!
A goblin comes into view. It is wielding a +0 club.
The goblin shouts!
A goblin is nearby!
You closely miss the goblin. The goblin hits you but does no damage.
A goblin is nearby!
You barely miss the goblin. The goblin hits you with a +0 club. x2
A goblin is nearby!
You hit the goblin.
You kill the goblin!
A rat comes into view.
A rat is nearby!
The rat twitches its whiskers.
You see here a +0 club.
A rat is nearby!
The rat bites you but does no damage.
A rat is nearby!
A rat is nearby!
You closely miss the rat.
The rat bites you but does no damage. x2
A rat is nearby!
You slash the rat!
You kill the rat!
No target in view!
You see here a rat corpse.
Found a stone staircase leading down.
Found a gold piece.
Found a faded altar of an unknown god.
Found a gold piece.
Found a gold piece.
You enter the shallow water.
Moving in this stuff is going to be slow.
You now have 22 gold pieces (gained 1).
There is a faded altar of an unknown god here.
You cannot tell which god this altar belongs to.
Convert to them anyway?
The Shining One accepts your prayer! The Shining One welcomes you!
You and your allies can now gain power from killing the unholy and evil.
You can now call upon the Shining One for a divine shield.
Are you sure you want to abandon this character and quit the game? (Confirm with "yes".)

* #### ## ... ,
.## * *
#.###..# *
#......# * ,
#..$≈$.# *
#.≈@≈.# *,*
#.≈≈≈.# ,
#.....# * ,
####.#.## * * ,
, #....#.# ,
..., ,,*
#...##.# * ,,
..., , #...##.#
..#
,.######...##.#
* #,# *#.# ,
>.........##.#
#.#.# #.#


There were no monsters in sight!

Vanquished Creatures
  A giant cockroach (D:1)
  2 goblins (D:1)
  2 hobgoblins (D:1)
  3 jackals (D:1)
  A bat (D:1)
  A rat (D:1)
10 creatures vanquished.

Notes
Turn   | Place    | Note
-------+----------+-------------------------------------------
     0 | D:1      | Exodus22XD the Deep Dwarf Fighter began the quest for the
                  | Orb.
     0 | D:1      | Reached XP level 1. HP: 20/20 MP: 1/1
   277 | D:1      | Reached XP level 2. HP: 24/27 MP: 2/2
   316 | D:1      | Found a faded altar of an unknown god.
   325 | D:1      | Prayed at the altar of an unknown god.
   325 | D:1      | Became a worshipper of the Shining One
   325 | D:1      | Reached * piety under the Shining One
   326 | D:1      | Quit the game

Illustrated notes

Levels and vault maps discovered:
D:1:      dpeg_arrival_tiny_c, layout_basic,
          hellmonk_ecumenical_altar_pennies_from_heaven,
          kennysheep_decorative_pillar

Action                   || total
-------------------------++-------
Melee: War axe           ||    48
Armor: Scale mail        ||    29
Dodge: Dodged            ||    28
Block: Buckler           ||    10
